[Event "Titled Tuesday Blitz January 03 Early 2023"]
[White "Valle Maytin, Luis Enrique"]
[Black "Christie, Joshua"]
[WhiteFideId "3503666"]
[BlackFideId "7402074"]
[WhiteElo "2241"]
[BlackElo "2294"]
[Result "0-1"]
[Round "10"]
[TimeControl "180+2"]
[Date "2023.01.03"]
[WhiteClock "0:00:55"]
[BlackClock "0:00:54"]

1. e4 e6 2. d4 d5 3. exd5 exd5 4. Nf3 Nf6 5. Bd3 Bd6 6. Qe2+ Be6 7. Ng5 Qe7 8. Nxe6 fxe6 9. c3 O-O 10. Nd2 Nbd7 11. Nf3 e5 12. dxe5 Nxe5 13. Nxe5 Qxe5 14. Qxe5 Bxe5 15. h3 Rfe8 16. O-O Nh5 17. Be3 Bf4 18. Bd4 Be5 19. Be3 Nf4 20. Bc2 Ne2+ 21. Kh1 d4 22. cxd4 Bxd4 23. Rae1 Bxe3 24. Rxe2 Bd4 25. Rfe1 Kf8 26. Bxh7 Bxb2 27. Be4 Bc3 28. Rc1 Ba5 29. f3 c6 30. Rb2 Re7 31. Ra1 Bc3 32. Rab1 Bxb2 33. Rxb2 Rd8 34. Kh2 Rc7 35. Kg3 b6 36. Kf2 c5 37. Ke3 c4 38. Rc2 c3 39. Bd3 Ke7 40. g4 Rc5 41. h4 b5 42. h5 b4 43. Rh2 a5 44. h6 gxh6 45. Rxh6 c2 46. Bxc2 Rxc2 47. Ra6 Rxa2 48. g5 b3 49. g6 b2 50. Ra7+ Kf6 51. g7 b1=Q 0-1


[Site "https://www.chess.com"]

[Event "Titled Tuesday Blitz January 03 Early 2023"]
[White "Yaran, Siar"]
[Black "Sadovsky, Artem"]
[WhiteFideId "6323006"]
[BlackFideId "4155840"]
[WhiteElo "2288"]
[BlackElo "2276"]
[Result "1-0"]
[Round "10"]
[TimeControl "180+2"]
[Date "2023.01.03"]
[WhiteClock "0:00:08"]
[BlackClock "0:00:02"]

1. d4 g6 2. c4 Bg7 3. Nc3 d6 4. e4 e5 5. dxe5 dxe5 6. Qxd8+ Kxd8 7. Be3 Be6 8. Nf3 f6 9. O-O-O+ Nd7 10. h4 Bh6 11. Nd5 Bxe3+ 12. Nxe3 c6 13. h5 g5 14. g3 Nh6 15. Nh2 Ke7 16. Be2 Nc5 17. Nhg4 Nxg4 18. Bxg4 Nxe4 19. Nf5+ Bxf5 20. Bxf5 Nd6 21. Bd3 c5 22. f4 e4 23. Rhe1 f5 24. fxg5 Kd7 25. Bf1 Kc7 26. Rd5 b6 27. Red1 Rad8 28. b3 Rhg8 29. g4 Rxg5 30. gxf5 Rxf5 31. Bh3 Rxd5 32. Rxd5 Re8 33. Kd2 Re7 34. Ke3 Kc6 35. Rg5 a5 36. a4 Kc7 37. h6 Ne8 38. Rg8 Nf6 39. Rc8+ Kd6 40. Rb8 Ke5 41. Rxb6 Re8 42. Rc6 Rb8 43. Rxc5+ Kd6 44. Rb5 Rb6 45. Rxb6+ 1-0


[Site "https://www.chess.com"]

[Event "Titled Tuesday Blitz January 03 Early 2023"]
[White "Jovic, Stanoje"]
[Black "Saravana, Krishnan P."]
[WhiteFideId "905020"]
[BlackFideId "5018382"]
[WhiteElo "2075"]
[BlackElo "2284"]
[Result "1/2-1/2"]
[Round "10"]
[TimeControl "180+2"]
[Date "2023.01.03"]
[WhiteClock "0:01:55"]
[BlackClock "0:00:19"]

1. c4 Nf6 2. g3 c5 3. Bg2 Nc6 4. Nc3 e6 5. Nf3 d5 6. cxd5 exd5 7. d4 h6 8. O-O Be6 9. dxc5 Bxc5 10. a3 O-O 11. b4 Bb6 12. Bb2 Rc8 13. Rc1 Ne4 14. Na4 Bc7 15. Nd4 Qd7 16. Bxe4 dxe4 17. Nc5 Qe7 18. Ncxe6 fxe6 19. Nxc6 bxc6 20. Rxc6 Bxg3 21. Rxc8 Bxh2+ 22. Kxh2 Qh4+ 23. Kg2 Qg4+ 24. Kh2 Qh4+ 25. Kg2 Qg4+ 26. Kh2 Qh4+ 1/2-1/2


[Site "https://www.chess.com"]

[Event "Titled Tuesday Blitz January 03 Early 2023"]
[White "Iskusnyh, Sergei"]
[Black "Ansh M Shah"]
[WhiteFideId "4120027"]
[BlackFideId "25033379"]
[WhiteElo "2440"]
[BlackElo "2171"]
[Result "1-0"]
[Round "10"]
[TimeControl "180+2"]
[Date "2023.01.03"]
[WhiteClock "0:00:14"]
[BlackClock "0:00:13"]

1. d4 Nf6 2. c4 e6 3. g3 d5 4. Bg2 Be7 5. Nf3 O-O 6. Qc2 dxc4 7. Qxc4 a6 8. Qc2 Nbd7 9. O-O Rb8 10. Bf4 Bd6 11. Nbd2 b5 12. Nb3 Bb7 13. Na5 Be4 14. Qd2 Bxf4 15. gxf4 c5 16. dxc5 Nxc5 17. Qxd8 Rfxd8 18. Rac1 Rbc8 19. Ne5 Bxg2 20. Kxg2 Nd5 21. Nec6 Na4 22. Nxd8 Rxd8 23. b3 Nac3 24. e3 Nxa2 25. Rc5 Nab4 26. Rfc1 Nb6 27. Nc6 Nxc6 28. Rxc6 Nd5 29. Rxa6 g6 30. Ra7 Kg7 31. Rc6 Kf6 32. Rb7 b4 33. Kf3 h6 34. e4 Nc3 35. e5+ Kg7 36. Rxe6 Rd3+ 37. Kg2 Nd5 38. Rd6 Nxf4+ 39. Kf1 Rxb3 40. Ke1 Rb1+ 41. Kd2 Rb2+ 42. Ke3 Ng2+ 43. Kf3 Nh4+ 44. Ke4 Rxf2 45. e6 Re2+ 46. Kd3 Re5 47. Rxf7+ Kg8 48. Rd8# 1-0


[Site "https://www.chess.com"]

[Event "Titled Tuesday Blitz January 03 Early 2023"]
[White "Koutlas, Nikolaos"]
[Black "Ljukin, Sergei"]
[WhiteFideId "25827138"]
[BlackFideId "14102200"]
[WhiteElo "2341"]
[BlackElo "2362"]
[Result "1-0"]
[Round "10"]
[TimeControl "180+2"]
[Date "2023.01.03"]
[WhiteClock "0:00:09"]
[BlackClock "0:00:03"]

1. c4 c6 2. Nf3 d5 3. e3 Nf6 4. Nc3 e6 5. d4 Nbd7 6. Bd3 dxc4 7. Bxc4 b5 8. Bd3 a6 9. O-O c5 10. a4 b4 11. Ne4 Bb7 12. Nxc5 Nxc5 13. dxc5 Bxc5 14. a5 O-O 15. Qe2 Qd5 16. Rd1 Qh5 17. Bd2 Rfd8 18. Rac1 Bxf3 19. Qxf3 Qxf3 20. gxf3 Rxd3 21. Rxc5 Rad8 22. Kf1 Rb3 23. Rc2 h6 24. Ke2 Rd5 25. Ra1 Rh5 26. Ra4 Rb5 27. Rc4 Rxb2 28. Raxb4 R5xb4 29. Rxb4 Rxb4 30. Bxb4 Nd7 31. Kd3 f6 32. f4 f5 33. Kd4 Kf7 34. Bd6 Kg6 35. Be5 Kf7 36. f3 Kg6 37. e4 h5 38. h4 Kf7 39. exf5 g6 40. fxe6+ Kxe6 41. Bc7 Nf6 42. Kc5 Nd5 43. Be5 Ne7 44. Kb6 Kd7 45. Kxa6 Kc6 46. Ka7 Nf5 47. Bf6 Nd6 48. Kb8 Kb5 49. Kc7 Nf5 50. Kd7 Kxa5 51. Ke6 Kb5 52. Kf7 Ng3 53. Kxg6 Kc4 54. f5 Kd5 55. Bc3 Kd6 56. f6 1-0


[Site "https://www.chess.com"]

[Event "Titled Tuesday Blitz January 03 Early 2023"]
[White "Fiorito, Francisco"]
[Black "Batsiashvili, Nino"]
[WhiteFideId "180165"]
[BlackFideId "13602993"]
[WhiteElo "2305"]
[BlackElo "2467"]
[Result "1-0"]
[Round "10"]
[TimeControl "180+2"]
[Date "2023.01.03"]
[WhiteClock "0:00:22"]
[BlackClock "0:01:01"]

1. e4 e5 2. Nf3 Nc6 3. Bb5 Nge7 4. O-O Ng6 5. d4 Nxd4 6. Nxd4 exd4 7. Qxd4 c6 8. Bc4 Qb6 9. Qd1 Bc5 10. Nc3 O-O 11. Na4 Qb4 12. b3 Be7 13. a3 Qd6 14. Qxd6 Bxd6 15. Nc3 b5 16. Bd3 Be5 17. Bb2 d6 18. g3 f5 19. exf5 Bxf5 20. Bxf5 Rxf5 21. Rad1 d5 22. f4 Bf6 23. Rfe1 Kf7 24. Rd2 h5 25. Nd1 h4 26. Bxf6 Rxf6 27. Nf2 hxg3 28. hxg3 Ne7 29. Ng4 Rd6 30. Ne5+ Kf6 31. Rde2 Nf5 32. Kg2 Nd4 33. Rd2 c5 34. Ng4+ Kf7 35. Ne5+ Kf6 36. b4 Ne6 37. bxc5 Nxc5 38. Ng4+ Kf7 39. Re5 Rad8 40. Ne3 d4 41. Nf5 Rd5 42. Rde2 Rxe5 43. Rxe5 Ne6 44. Rxb5 Rc8 45. Nd6+ 1-0


[Site "https://www.chess.com"]

[Event "Titled Tuesday Blitz January 03 Early 2023"]
[White "Hnydiuk, Aleksander"]
[Black "Blokhin, Sofia"]
[WhiteFideId "1109057"]
[BlackFideId "4508190"]
[WhiteElo "2363"]
[BlackElo "2062"]
[Result "0-1"]
[Round "10"]
[TimeControl "180+2"]
[Date "2023.01.03"]
[WhiteClock "0:00:01"]
[BlackClock "0:00:15"]

1. d4 Nf6 2. Bg5 g6 3. Nd2 Bg7 4. e4 d6 5. Be2 O-O 6. h4 h6 7. Be3 e5 8. h5 g5 9. d5 c6 10. c4 b5 11. dxc6 bxc4 12. Qa4 c3 13. bxc3 Qc7 14. Bb5 a6 15. Ne2 Ng4 16. Nf1 Be6 17. f3 Nf6 18. Nfg3 d5 19. O-O dxe4 20. Bc5 Re8 21. fxe4 Bg4 22. Rf2 Nxh5 23. Nf5 Bxf5 24. Rxf5 Nf4 25. Nxf4 exf4 26. Bd4 Bxd4+ 27. cxd4 Rxe4 28. Rc1 Qb6 29. Bc4 Qxd4+ 30. Kh1 Ra7 31. c7 Rxc7 0-1


[Site "https://www.chess.com"]

[Event "Titled Tuesday Blitz January 03 Early 2023"]
[White "Goncalves, Davi Sulzbacher"]
[Black "Torres Dominguez, David"]
[WhiteFideId "2154510"]
[BlackFideId "2220857"]
[WhiteElo "2282"]
[BlackElo "1994"]
[Result "1-0"]
[Round "10"]
[TimeControl "180+2"]
[Date "2023.01.03"]
[WhiteClock "0:00:17"]
[BlackClock "0:00:03"]

1. Nf3 d5 2. g3 c6 3. Bg2 Bf5 4. O-O Nf6 5. b3 h6 6. Bb2 e6 7. c4 Be7 8. d3 O-O 9. Nbd2 a5 10. a3 Qb6 11. Re1 Re8 12. e4 dxe4 13. dxe4 Bh7 14. Qe2 Na6 15. Rab1 Nd7 16. Nd4 Bxa3 17. Bxa3 Qxd4 18. Bb2 Qb6 19. Qg4 f6 20. e5 f5 21. Qe2 Nb4 22. Bc3 Nc5 23. Nf3 f4 24. gxf4 Bxb1 25. Rxb1 Qc7 26. Bd4 b5 27. Bxc5 Qf7 28. Be3 bxc4 29. Qxc4 Qg6 30. Rd1 Nd5 31. Nd4 Qg4 32. Qe2 Qxe2 33. Nxe2 a4 34. bxa4 Rxa4 35. Rc1 g5 36. fxg5 hxg5 37. Rxc6 1-0


[Site "https://www.chess.com"]

[Event "Titled Tuesday Blitz January 03 Early 2023"]
[White "Bryakin, Mikhail"]
[Black "Andreev, Eduard"]
[WhiteFideId "4165314"]
[BlackFideId "14103400"]
[WhiteElo "2455"]
[BlackElo "2413"]
[Result "1/2-1/2"]
[Round "10"]
[TimeControl "180+2"]
[Date "2023.01.03"]
[WhiteClock "0:00:09"]
[BlackClock "0:00:11"]

1. e4 c6 2. Nc3 d5 3. Qf3 dxe4 4. Nxe4 Nf6 5. Bc4 Nbd7 6. Nxf6+ Nxf6 7. Ne2 Bg4 8. Qb3 e6 9. Ng3 Qb6 10. h3 Qxb3 11. axb3 Bh5 12. Nxh5 Nxh5 13. Be2 Nf6 14. Bf3 a6 15. d3 Bc5 16. Bf4 Nd5 17. Bd2 O-O 18. Ke2 Rfe8 19. c3 Rad8 20. b4 Bf8 21. Ra5 Bd6 22. g3 Bc7 23. Rc5 Bd6 24. Ra5 Bc7 25. Rc5 Bd6 26. Rc4 Nb6 27. Rh4 Be7 28. Re4 Nd5 29. Re1 g6 30. Kd1 Nf6 31. R4e3 Nd5 32. R3e2 Bf8 33. Kc2 Bd6 34. Bg5 Rc8 35. h4 Kg7 36. h5 h6 37. Bd2 g5 38. Be4 Nf6 39. Rh1 Nxe4 40. Rxe4 f5 41. Rd4 Rcd8 42. Re1 e5 43. Rc4 Rc8 44. Be3 b5 45. Rc5 Bxc5 46. Bxc5 Ra8 47. Ra1 e4 48. Bd4+ Kf7 49. Kd2 exd3 50. Kxd3 Re4 51. f3 Re6 52. g4 f4 53. Bc5 Re5 54. Bd4 Ree8 55. Bc5 Red8+ 56. Bd4 Re8 57. Bc5 Red8+ 58. Bd4 a5 59. Re1 axb4 60. cxb4 Re8 61. Rc1 Re6 62. Rc5 Ra4 63. Kc3 Ra1 64. Rf5+ Ke7 65. Bc5+ Kd8 66. Rf8+ Kc7 67. Rf7+ Kc8 68. Rf8+ Kd7 69. Rf7+ Kd8 70. Rf8+ Re8 71. Rf6 Rf1 72. Rxc6 Rxf3+ 73. Kd4 Rg3 74. Rxh6 Rxg4 75. Kd5 f3 76. Ra6 Rf4 77. Ra8+ Kd7 78. Ra7+ Kd8 79. Ra8+ Kd7 80. Ra7+ Kd8 81. Ra8+ 1/2-1/2


[Site "https://www.chess.com"]

[Event "Titled Tuesday Blitz January 03 Early 2023"]
[White "Krivonosov, Oleg"]
[Black "Mica, Marek"]
[WhiteFideId "11600349"]
[BlackFideId "382884"]
[WhiteElo "2359"]
[BlackElo "2256"]
[Result "1/2-1/2"]
[Round "10"]
[TimeControl "180+2"]
[Date "2023.01.03"]
[WhiteClock "0:01:26"]
[BlackClock "0:01:15"]

1. Nf3 d5 2. d4 Nf6 3. c4 e6 4. g3 dxc4 5. Qa4+ Nbd7 6. Bg2 a6 7. Nc3 Rb8 8. Qxc4 b5 9. Qd3 c5 10. dxc5 Bxc5 11. O-O Bb7 12. Bf4 Rc8 13. Rad1 O-O 14. Ne5 Bxg2 15. Kxg2 Nxe5 16. Bxe5 Qe7 17. Qf3 Nd7 18. Bf4 Nb6 19. Ne4 e5 20. Bg5 f6 21. Nxc5 Qxc5 22. Be3 Qc6 23. Qxc6 Rxc6 24. Bxb6 Rxb6 25. Rd7 Rf7 26. Rd8+ Rf8 27. Rfd1 Rxd8 28. Rxd8+ Kf7 29. Rd7+ Kg6 30. e4 Rc6 31. Rd2 Kf7 32. Kf3 Ke6 33. Ke3 Rd6 34. Rc2 Kd7 35. f4 Rc6 36. Rd2+ Rd6 37. Rf2 exf4+ 38. gxf4 Rd1 39. Rd2+ Rxd2 40. Kxd2 g5 41. Ke3 Ke6 42. b4 h5 43. h3 g4 44. Kf2 f5 45. hxg4 fxg4 46. Kg3 Kf6 47. Kh4 Ke6 48. Kg3 Kf6 49. Kh4 Ke6 50. Kg3 1/2-1/2


[Site "https://www.chess.com"]

[Event "Titled Tuesday Blitz January 03 Early 2023"]
[White "Leiva, Gianmarco"]
[Black "Rangel, Daniel"]
[WhiteFideId "3804399"]
[BlackFideId "2124475"]
[WhiteElo "2392"]
[BlackElo "2207"]
[Result "1-0"]
[Round "10"]
[TimeControl "180+2"]
[Date "2023.01.03"]
[WhiteClock "0:00:28"]
[BlackClock "0:00:07"]

1. e4 c5 2. Nf3 g6 3. c3 Bg7 4. d4 cxd4 5. cxd4 d5 6. e5 Bg4 7. Nbd2 e6 8. h3 Bxf3 9. Bb5+ Nc6 10. Bxc6+ bxc6 11. Nxf3 Ne7 12. O-O O-O 13. b3 Qa5 14. Bd2 Qb6 15. Rc1 Rfc8 16. Rc5 Nf5 17. Ba5 Qa6 18. Qc2 Bf8 19. Bb4 Bxc5 20. Bxc5 Qb7 21. g4 Ng7 22. Qd2 Ne8 23. Qg5 Kg7 24. Re1 h6 25. Qf4 Qd7 26. h4 Qd8 27. Kg2 Rc7 28. Bb4 a5 29. Bd2 Qe7 30. Qxh6+ Kg8 31. Ng5 f6 32. Qxg6+ Qg7 33. Qxg7+ Rxg7 34. exf6 Nxf6 35. f3 Re7 36. Rxe6 Rxe6 37. Nxe6 a4 38. b4 a3 39. Kg3 Ne8 40. g5 Nd6 41. Kg4 Nc4 42. Bf4 Nb2 43. g6 Nd3 44. h5 Re8 45. Kf5 Rxe6 46. Kxe6 Nxf4+ 47. Kd6 Nxh5 48. Kxc6 Nf4 49. b5 Ne6 50. Kxd5 Nxd4 51. Kxd4 1-0


[Site "https://www.chess.com"]

[Event "Titled Tuesday Blitz January 03 Early 2023"]
[White "Baches Garcia, Guillermo"]
[Black "Shuvalova, Polina"]
[WhiteFideId "2209764"]
[BlackFideId "24171760"]
[WhiteElo "2327"]
[BlackElo "2484"]
[Result "1-0"]
[Round "10"]
[TimeControl "180+2"]
[Date "2023.01.03"]
[WhiteClock "0:00:26"]
[BlackClock "0:00:35"]

1. e4 e5 2. Nf3 Nc6 3. Nc3 Nf6 4. d4 exd4 5. Nxd4 Bb4 6. Nxc6 bxc6 7. Bd3 O-O 8. O-O d5 9. Bd2 Rb8 10. Re1 Re8 11. a3 Bd6 12. b4 Bd7 13. h3 h6 14. Qf3 d4 15. Na4 Qe7 16. Bf4 Nh7 17. e5 c5 18. exd6 Qxe1+ 19. Rxe1 Rxe1+ 20. Kh2 cxd6 21. Bxd6 Ng5 22. Qd5 Rbe8 23. Nxc5 Bc8 24. Qxd4 Bxh3 25. f4 Ne6 26. Nxe6 Bxe6 27. Be5 f6 28. Bxf6 gxf6 29. Qxf6 Bf7 30. Qxh6 Ba2 31. Bh7+ Kf7 32. Bg6+ Ke7 33. Bxe8 Kxe8 34. Qh8+ Ke7 35. Qh4+ 1-0


[Site "https://www.chess.com"]

[Event "Titled Tuesday Blitz January 03 Early 2023"]
[White "Mohammed, Zozek Salah Mohammed"]
[Black "Skliarov, Viktor"]
[WhiteFideId "4803361"]
[BlackFideId "14106736"]
[WhiteElo "2210"]
[BlackElo "2383"]
[Result "0-1"]
[Round "10"]
[TimeControl "180+2"]
[Date "2023.01.03"]
[WhiteClock "0:01:51"]
[BlackClock "0:02:07"]

1. d4 Nf6 2. Nf3 g6 3. g3 Bg7 4. Bg2 O-O 5. O-O c6 6. c4 d5 7. cxd5 cxd5 8. Ne5 Nfd7 9. Nf3 Nc6 10. Nc3 Nb6 11. Bf4 Bf5 12. Ne5 Nxe5 13. dxe5 e6 14. e4 dxe4 15. Nxe4 Nc4 16. Nd6 Nxd6 17. exd6 Bxb2 18. Bxb7 Rb8 19. Bf3 e5 20. Bh6 Re8 21. Bc6 Re6 0-1


[Site "https://www.chess.com"]

[Event "Titled Tuesday Blitz January 03 Early 2023"]
[White "Cnejev, Vladimir-Alexandru"]
[Black "Krienke, Makaio"]
[WhiteFideId "1260898"]
[BlackFideId "2038854"]
[WhiteElo "2374"]
[BlackElo "2115"]
[Result "1/2-1/2"]
[Round "10"]
[TimeControl "180+2"]
[Date "2023.01.03"]
[WhiteClock "0:00:03"]
[BlackClock "0:00:20"]

1. e4 e5 2. Nf3 Nc6 3. Bb5 a6 4. Ba4 Nf6 5. O-O b5 6. Bb3 Be7 7. Re1 O-O 8. c3 d6 9. h3 Na5 10. Bc2 c5 11. d4 cxd4 12. cxd4 Nc6 13. Nc3 Bb7 14. d5 Nb8 15. Ne2 Nbd7 16. Ng3 Re8 17. Rf1 Rc8 18. Nh2 Qc7 19. Bd3 Nc5 20. Bb1 Na4 21. Bd3 Nc5 22. Bb1 Na4 23. Qe2 Bf8 24. Be3 g6 25. Bd3 Nc5 26. Bc2 Bg7 27. Rac1 Qb8 28. Ng4 Nxg4 29. hxg4 h6 30. f3 b4 31. Qd2 a5 32. Bxh6 Ba6 33. Rfe1 a4 34. Nf5 Bf6 35. Bg5 gxf5 36. Bxf6 f4 37. g3 Qb6 38. Kg2 Nd7 39. g5 b3 40. axb3 axb3 41. Bb1 Nxf6 42. gxf6 Qd8 43. gxf4 Qxf6 44. fxe5 dxe5 45. Rxc8 Rxc8 46. Rg1 Kf8 47. Qb4+ Ke8 48. Qa4+ Kf8 49. Qxb3 Qg5+ 50. Kf2 Qd2+ 51. Kg3 Qg5+ 52. Kf2 Qd2+ 53. Kg3 Qg5+ 54. Kf2 1/2-1/2


[Site "https://www.chess.com"]

[Event "Titled Tuesday Blitz January 03 Early 2023"]
[White "Janaszak, Dawid"]
[Black "reevecanada"]
[WhiteFideId "1119206"]
[WhiteElo "2316"]
[BlackElo "2477"]
[Result "0-1"]
[Round "10"]
[TimeControl "180+2"]
[Date "2023.01.03"]
[WhiteClock "0:00:29"]
[BlackClock "0:00:51"]

1. d4 d5 2. Bf4 Nf6 3. Nf3 e6 4. e3 Bd6 5. Bg3 O-O 6. Nbd2 Qe7 7. Bd3 Nbd7 8. Ne5 c5 9. c3 Nb6 10. Bh4 Qd8 11. f4 Be7 12. Qf3 g6 13. g4 Nfd7 14. Bxe7 Nxe5 15. fxe5 Qxe7 16. h4 Bd7 17. g5 Rfc8 18. O-O-O Na4 19. Kb1 cxd4 20. exd4 Rxc3 21. bxc3 Qa3 22. Nc4 Nxc3+ 23. Kc2 dxc4 24. Bxc4 Ba4+ 25. Kd2 Qb2+ 26. Ke1 Bxd1 27. Qf2 Qa1 28. Bxe6 fxe6 29. Qf6 Bg4+ 30. Kf2 Ne4+ 31. Ke3 Qxh1 0-1


[Site "https://www.chess.com"]

[Event "Titled Tuesday Blitz January 03 Early 2023"]
[White "Goltseva, Ekaterina"]
[Black "Degenbaev, Aziz"]
[WhiteFideId "24173770"]
[BlackFideId "13802640"]
[WhiteElo "2283"]
[BlackElo "2203"]
[Result "1/2-1/2"]
[Round "10"]
[TimeControl "180+2"]
[Date "2023.01.03"]
[WhiteClock "0:00:15"]
[BlackClock "0:00:12"]

1. d4 Nf6 2. c4 g6 3. Nc3 Bg7 4. e4 d6 5. Nge2 O-O 6. Ng3 c5 7. d5 e6 8. Be2 exd5 9. cxd5 a6 10. a4 Re8 11. O-O Nbd7 12. h3 Rb8 13. Bg5 h6 14. Be3 Kh7 15. Qd2 Qc7 16. Rac1 c4 17. b3 b5 18. axb5 axb5 19. bxc4 bxc4 20. f4 Nc5 21. Bxc4 Nfxe4 22. Ncxe4 Nxe4 23. Nxe4 Rxe4 24. Bd3 Qe7 25. Bxe4 Qxe4 26. Rc2 Bf5 27. Ra2 Rb5 28. Re1 Rxd5 29. Qf2 Qc4 30. Rd2 Rb5 31. Rxd6 Qc3 32. Re2 Rb1+ 33. Kh2 Qa1 34. Bd4 Rh1+ 35. Kg3 Qa3+ 36. Re3 Bxd4 37. Rxa3 Bxf2+ 38. Kxf2 Rb1 39. Rd2 Rb4 40. Kg3 h5 41. Ra7 Kg7 42. Rc7 Rb3+ 43. Kf2 h4 44. Rc4 Rb5 45. Rcd4 Ra5 46. Rc4 Rb5 47. Rc3 Rb4 48. Ke3 Re4+ 49. Kf3 Re1 50. Re3 Rf1+ 51. Ke2 Rg1 52. Kf2 Ra1 53. Rde2 Ra4 54. Rf3 Be4 55. Rfe3 Bc6 56. g3 hxg3+ 57. Kxg3 Bd7 58. Rd2 Bf5 59. Rd6 Ra1 60. Rb6 Rh1 61. Kg2 Rd1 62. Ra6 Rd2+ 63. Kg3 Rd1 64. Ra7 Kf6 65. Rc3 Rg1+ 66. Kf2 Rh1 67. Kg2 Be4+ 68. Kf2 Rh2+ 69. Ke3 Bf5 70. Kd4 Be6 71. Kc5 Rxh3 72. Rxh3 Bxh3 73. Kd4 Be6 74. Ke3 Bf5 75. Ra6+ Be6 76. Ra7 Kf5 77. Ra5+ Kf6 78. Rb5 Kg7 79. Ra5 Kf8 80. Rc5 Ke7 81. Ra5 Kd6 82. Ra7 Kd5 83. Ra5+ Kd6 84. Ra6+ Ke7 85. Ra7+ Kf6 86. Ra5 Bf5 87. Kf3 Kg7 88. Kg3 Kh6 89. Ra7 Be6 90. Ra8 Kg7 91. Ra7 Kf6 92. Rc7 Kf5 93. Ra7 Ke4 94. Ra5 Bf5 95. Re5+ Kd4 96. Re7 Be6 97. Ra7 Ke4 98. Ra5 Kd4 99. Ra7 Ke4 1/2-1/2


[Site "https://www.chess.com"]

[Event "Titled Tuesday Blitz January 03 Early 2023"]
[White "Guliev, Logman"]
[Black "Mendez Fortes, Eduardo Jesus"]
[WhiteFideId "13400061"]
[BlackFideId "3502376"]
[WhiteElo "2250"]
[BlackElo "2250"]
[Result "0-1"]
[Round "10"]
[TimeControl "180+2"]
[Date "2023.01.03"]
[WhiteClock "0:00:07"]
[BlackClock "0:01:19"]

1. e4 e5 2. Nf3 Nc6 3. Bb5 Nf6 4. d3 Bc5 5. O-O d6 6. Nbd2 O-O 7. Bxc6 bxc6 8. h3 Bb6 9. Nc4 c5 10. Bg5 h6 11. Bxf6 Qxf6 12. Ne3 c6 13. c4 Bd8 14. Nh2 Qg6 15. Kh1 Rb8 16. b3 Bg5 17. Qe2 h5 18. Nf3 Be7 19. Nh2 Kh8 20. Rg1 Bg5 21. Nhf1 Be6 22. Ng3 h4 23. Ngf5 Qh7 24. Nxd6 g6 25. b4 Rxb4 26. Rab1 Rfb8 27. Rxb4 Rxb4 28. a3 Rb8 29. Qf3 Be7 30. Ndf5 gxf5 31. exf5 Bd7 32. f6 Bf8 33. Ng4 Re8 34. Qe3 Bxg4 35. hxg4 Qg6 36. g5 e4 37. f3 Re5 38. f4 Re6 39. dxe4 Rxe4 40. Qf3 Qf5 41. Rf1 Rxc4 42. Qh5+ Kg8 43. Qe2 Rxf4 44. Rg1 Qxg5 0-1


[Site "https://www.chess.com"]

[Event "Titled Tuesday Blitz January 03 Early 2023"]
[White "Begunov, Konstantin"]
[Black "Bilan, Danila"]
[WhiteFideId "4118510"]
[BlackFideId "24161918"]
[WhiteElo "2325"]
[BlackElo "2303"]
[Result "1-0"]
[Round "10"]
[TimeControl "180+2"]
[Date "2023.01.03"]
[WhiteClock "0:00:36"]
[BlackClock "0:00:01"]

1. d4 d5 2. c4 c6 3. Nc3 Nf6 4. Nf3 e6 5. cxd5 exd5 6. Bg5 Be7 7. Qc2 Nbd7 8. e3 O-O 9. Bd3 Re8 10. O-O Nf8 11. Rab1 a5 12. a3 Ng6 13. b4 axb4 14. axb4 Ne4 15. Bxe7 Qxe7 16. b5 Bf5 17. bxc6 bxc6 18. Bxe4 dxe4 19. Nd2 Nh4 20. Ne2 Rac8 21. Ng3 Bg6 22. Rfc1 f5 23. Qc5 Qg5 24. Rb6 h5 25. Rxc6 Rxc6 26. Qxc6 Nxg2 27. Kxg2 h4 28. Qd6 hxg3 29. hxg3 Bh5 30. Qd5+ Kh7 31. Rh1 Rf8 32. Rh4 g6 33. Rh1 Kg7 34. Rb1 Rf7 35. Rb7 Rc7 36. Rxc7+ 1-0


[Site "https://www.chess.com"]

[Event "Titled Tuesday Blitz January 03 Early 2023"]
[White "Pandey Srishti"]
[Black "Padmini, Rout"]
[WhiteFideId "35093290"]
[BlackFideId "5029295"]
[WhiteElo "2188"]
[BlackElo "2375"]
[Result "0-1"]
[Round "10"]
[TimeControl "180+2"]
[Date "2023.01.03"]
[WhiteClock "0:00:08"]
[BlackClock "0:00:48"]

1. d4 Nf6 2. c4 e6 3. Nf3 d5 4. Nc3 Bd6 5. g3 O-O 6. Bg2 h6 7. O-O c6 8. b3 Nbd7 9. Bb2 Qe7 10. Nd2 Bb4 11. e4 dxe4 12. Ndxe4 Nxe4 13. Nxe4 Nf6 14. a3 Nxe4 15. axb4 Nf6 16. b5 cxb5 17. cxb5 Rd8 18. Qe2 Nd5 19. Ba3 Qd7 20. Rfc1 b6 21. Qe5 Bb7 22. Bxd5 Qxd5 23. Qxd5 Bxd5 24. Rc7 a6 25. Be7 axb5 26. Rac1 Re8 27. b4 Ra2 28. h4 h5 29. Bg5 Rea8 30. Rc8+ Rxc8 31. Rxc8+ Kh7 32. Rc1 Kg6 33. Bd8 Rb2 34. Bxb6 Rxb4 35. Kf1 Rb2 36. Bc5 b4 37. Re1 b3 38. Re5 Rb1+ 39. Ke2 b2 40. Rg5+ Kf6 41. Bb6 Ke7 42. Rxg7 Rc1 43. Bc5+ Rxc5 44. dxc5 0-1


[Site "https://www.chess.com"]

[Event "Titled Tuesday Blitz January 03 Early 2023"]
[White "Hoffmann, Asa"]
[Black "Gurevich, Dmitry"]
[WhiteFideId "2001470"]
[BlackFideId "2000407"]
[WhiteElo "2185"]
[BlackElo "2393"]
[Result "1-0"]
[Round "10"]
[TimeControl "180+2"]
[Date "2023.01.03"]
[WhiteClock "0:00:55"]
[BlackClock "0:00:02"]

1. d4 c5 2. dxc5 e6 3. Nc3 Bxc5 4. Ne4 Nf6 5. Nxc5 Qa5+ 6. c3 Qxc5 7. Be3 Qc7 8. g3 b6 9. Bg2 Bb7 10. Bf4 Qc8 11. Nf3 O-O 12. O-O d5 13. Ne5 Nbd7 14. Rc1 b5 15. Re1 Re8 16. h3 Nh5 17. e3 Nxf4 18. exf4 Nxe5 19. fxe5 a5 20. b3 Rd8 21. Qd4 Qb8 22. Red1 Rc8 23. Bf1 Bc6 24. a3 b4 25. cxb4 axb4 26. a4 Bd7 27. Rc5 Rxc5 28. Qxc5 Ra7 29. Rc1 h6 30. Bd3 Rb7 31. h4 Qa7 32. Qxa7 Rxa7 33. f4 Kf8 34. Kf2 Ke7 35. g4 g5 36. fxg5 hxg5 37. h5 f6 38. exf6+ Kxf6 39. h6 e5 40. Rh1 Ra8 41. h7 Kg7 42. Bf5 Bc6 43. Ke2 d4 44. Rh5 Bd5 45. Rxg5+ Kf6 46. Rg6+ Kf7 47. Rb6 Bxb3 48. Rxb4 Bd5 49. Rb5 Bc6 50. Rxe5 Bxa4 51. g5 Bb3 52. g6+ Kg7 53. Rc5 Re8+ 54. Kf3 Rf8 55. Kg4 Kh6 56. Rc7 Bd1+ 57. Kf4 Bc2 58. Rxc2 1-0


[Site "https://www.chess.com"]

[Event "Titled Tuesday Blitz January 03 Early 2023"]
[White "Iljin, Timofey"]
[Black "Kaminski, Victor"]
[WhiteFideId "14110180"]
[BlackFideId "1131630"]
[WhiteElo "2329"]
[BlackElo "2247"]
[Result "0-1"]
[Round "10"]
[TimeControl "180+2"]
[Date "2023.01.03"]
[WhiteClock "0:00:12"]
[BlackClock "0:00:17"]

1. d4 Nf6 2. c4 e6 3. Nc3 Bb4 4. e3 O-O 5. a3 Bxc3+ 6. bxc3 d6 7. Bd3 e5 8. e4 c5 9. Ne2 Nc6 10. O-O b6 11. Bg5 h6 12. Bh4 g5 13. Bg3 Nh5 14. f4 Nxg3 15. hxg3 cxd4 16. cxd4 Bg4 17. d5 Nd4 18. fxe5 dxe5 19. Qe1 Bxe2 20. Bxe2 Nc2 21. Qc3 Nxa1 22. Qxe5 Nb3 23. Rf6 Re8 24. Qc3 Nc5 25. Rxh6 f6 26. Rg6+ Kh7 27. Rxf6 Qe7 28. Bg4 Qe5 29. Qf3 Re7 30. Bf5+ Kh8 31. Qh5+ Kg8 32. Rg6+ Rg7 33. Qxg5 Qd4+ 34. Kh2 Rf8 35. Be6+ Nxe6 36. dxe6 Qe3 37. Qxe3 Rxg6 38. e7 Re8 39. e5 Re6 40. Qe4 R8xe7 41. Qd5 Kf7 42. g4 Kg7 43. Qd4 Rxe5 44. a4 Kg6 45. Qf4 Rc5 46. Qe4+ Rxe4 47. Kh3 Rexc4 48. a5 Ra4 49. a6 Rc3+ 50. Kh4 Rcc4 51. g3 Rxg4+ 52. Kh3 Rxg3+ 53. Kxg3 Rxa6 54. Kf4 Ra5 55. Ke4 Rc5 56. Kd4 a5 57. Kd3 a4 58. Kd4 a3 59. Kd3 a2 60. Kd4 a1=Q+ 61. Kd3 Qa4 62. Kd2 Rb5 63. Kc3 Rb3+ 64. Kc2 Qa2+ 65. Kc1 Rb1# 0-1


[Site "https://www.chess.com"]